 Dungeon Crawl Stone Soup version 0.21.1-1-g345015fe64 (webtiles) character file.

192 Fascinator the Ruffian (level 5, 0/42 HPs)
             Began as a Draconian Transmuter on July 5, 2018.
             Slain by kajmaj's ghost (9 damage)
             ... on level 4 of the Dungeon.
             The game lasted 00:12:27 (4087 turns).

Fascinator the Ruffian (Draconian Transmuter)       Turns: 4087, Time: 00:12:27

Health: 0/42       AC:  2    Str: 14    XL:     5   Next: 42%
Magic:  6/9        EV: 20    Int: 13    God:
Gold:   240        SH:  0    Dex: 16    Spells: 0/9 levels left

rFire    . . .     SeeInvis .     - Unarmed
rCold    . . .     Gourm    .   (shield currently unavailable)
rNeg     . . .     Faith    .   (armour unavailable)
rPois    x         Spirit   .   (helmet currently unavailable)
rElec    .         Reflect  .   (cloak currently unavailable)
rCorr    .         Harm     .   (gloves currently unavailable)
MR       .....                  (boots currently unavailable)
Stlth    ++........             (no amulet)
HPRegen  0.14/turn              j - ring of wizardry
MPRegen  0.11/turn              (no ring)

@: spider-form (expiring)
A: tiny, unfitting armour, AC +5
a: End Transformation


You were on level 4 of the Dungeon.
You were not hungry.
You were a venomous arachnid creature.
You visited 1 branch of the dungeon, and saw 5 of its levels.

You collected 240 gold pieces.

Inventory:

Missiles
 a - 56 arrows
Armour
 h - a +0 cloak (melded)
Jewellery
 j - a ring of wizardry (left front leg)
Wands
 m - a wand of clouds (3)
Scrolls
 d - 2 scrolls of amnesia {unknown}
 e - 5 scrolls of identify {unknown}
 i - 2 scrolls of blinking {unknown}
 l - 2 scrolls of enchant weapon {unknown}
 p - 2 scrolls of remove curse {unknown}
Potions
 f - a potion of lignification {unknown}
 g - 3 potions of curing {unknown}
 k - a potion of haste {unknown}
 o - a potion of flight {unknown}
Books
 b - a book of Changes

   Spells                             Type                      Level
   a - Beastly Appendage              Transmutation                1
   b - Sticks to Snakes               Transmutation                2
   c - Spider Form                    Transmutation/Poison         3
   d - Ice Form                       Ice/Transmutation            4
   e - Blade Hands                    Transmutation                5
Comestibles
 c - 7 rations


   Skills:
 * Level 2.3 Fighting
 + Level 2.8 Dodging
 - Level 0.1 Stealth
 + Level 4.1 Unarmed Combat
 + Level 2.9 Spellcasting
 + Level 2.8 Transmutations
 - Level 0.1 Poison Magic


You couldn't memorise any spells.
You knew the following spells:

 Your Spells              Type           Power        Failure   Level  Hunger
a - Beastly Appendage     Tmut           #.....       9%          1    #......
b - Spider Form           Tmut/Pois      #.........   28%         3    ###....
c - Blade Hands           Tmut           #.........   75%         5    ######.


Dungeon Overview and Level Annotations

Branches:
Dungeon (5/15)
 Temple: D:4-7

Altars:
Elyvilon
Nemelex Xobeh
Qazlal

Shops:
D:4 :*

Annotations:
D:4 2 transporters, kajmaj's ghost, amateur MiFi


Innate Abilities, Weirdness & Mutations

((Your plain brown scales are hard. (AC +5)))
You cannot fit into any form of body armour.
((You are cold-blooded and may be slowed by cold attacks.))


Message History

The magic dart hits you! The shadow imp closely misses you.
The orc hits you with a club. The goblin barely misses you.
The bullfrog zombie completely misses you.
Your transformation is almost over.
The orc wizard closely misses you. The orc hits you. The shadow imp hits you.
* * * LOW HITPOINT WARNING * * *
The orc wizard closely misses you. The bullfrog zombie barely misses you.
The goblin hits you with a dagger.
* * * LOW HITPOINT WARNING * * *
The orc closely misses you.
You climb upwards.
Level annotation: 2 transporters, kajmaj's ghost, amateur MiFi Kajmaj's ghost misses you.
There is a stone staircase leading down here.
As you read the scroll labeled QUYTIH LIQI, it crumbles to dust.
You hear a loud clanging noise!
It was a scroll of noise.
The orc wizard hits you but does no damage.
The shadow imp completely misses you. Kajmaj's ghost hits you!
You die...

#.......©....#
#.# #..#
#######...####
#.# #.## #..##
#.# #.# #.## #.#
#.# #.# #<# #.#
..= #.# #.# #.W#
# #.# ####.#
...######.#o###
#....#
###........5so.#
#.#### #
.....ogW#.# #.#
# #####.###.#
#.# ## #. #.#
#.# 8### ###.
#.# #.# ...#
#...###.#####.#
8#.#####
#...........#
##.....#
####..#######
#.####.# #..#


You could see an orc wizard, kajmaj's ghost, a shadow imp, 2 orcs and a goblin.

Vanquished Creatures
  A hound (D:4)
  3 gnolls (D:2)
  6 adders
  2 worms (D:2)
  A dart slug (D:1)
  A leopard gecko (D:1)
  4 orcs (D:3)
  5 giant cockroaches
  8 goblins
  6 hobgoblins
  6 jackals
  A quokka (D:4)
  2 ball pythons
  9 bats
  2 frilled lizards
  5 kobolds
  6 rats
68 creatures vanquished.

Notes
Turn   | Place    | Note
-------+----------+-------------------------------------------
     0 | D:1      | Fascinator the Draconian Transmuter began the quest for the Orb.
     0 | D:1      | Reached XP level 1. HP: 16/16 MP: 3/3
   346 | D:1      | Reached XP level 2. HP: 13/23 MP: 1/5
   805 | D:1      | Reached XP level 3. HP: 28/28 MP: 6/6
  1487 | D:2      | Learned a level 3 spell: Spider Form
  2061 | D:2      | Reached XP level 4. HP: 20/35 MP: 4/7
  2853 | D:3      | Reached skill level 4 in Unarmed Combat
  3069 | D:3      | Reached XP level 5. HP: 40/41 MP: 9/9
  3157 | D:3      | Found a stormy altar of Qazlal.
  3157 | D:3      | Found a white marble altar of Elyvilon.
  3434 | D:4      | Learned a level 5 spell: Blade Hands
  3456 | D:4      | Found Kuofanicau's Book Shop.
  3511 | D:4      | Noticed kajmaj's ghost (amateur MiFi)
  3894 | D:4      | Found a sparkling altar of Nemelex Xobeh.
  3896 | D:4      | Found a transporter.
  3935 | D:4      | Found Wekes's Assorted Antiques.
  4023 | D:4      | Found a transporter.
  4079 | D:5      | Entered Level 5 of the Dungeon
  4087 | D:4      | Slain by kajmaj's ghost

Skill      XL: |  1  2  3  4 |
---------------+-------------+-----
Dodging        | 2 |  2.8
Unarmed Combat | 4 |  4.1
Fighting       | 2 |  2.3
Stealth        | |  0.1
Spellcasting   | |  2.9
Transmutations | |  2.8
Poison Magic   | |  0.1

Action                   |  1- 3 |  4- 6 || total
-------------------------+-------+-------++-------
Melee: Unarmed           |   130 |   102 ||   232
       Kick              |     4 |     4 ||     8
       Tailslap          |    11 |     8 ||    19
       Headbutt          |     7 |     5 ||    12
       Punch             |       |     3 ||     3
 Cast: Beastly Appendage |    10 |     6 ||    16
       Spider Form       |     2 |     6 ||     8
  Use: Scroll            |       |     1 ||     1
 Stab: Sleeping          |     1 |       ||     1
  Eat: Chunk             |     4 |     5 ||     9
       Ration            |       |     1 ||     1
Armor: Skin              |    57 |    29 ||    86
Dodge: Dodged            |   147 |    97 ||   244
